 Dungeon Crawl Stone Soup version 0.23-a0-730-g0b75920 (webtiles) character file.

121 TheGoonsmith the Chopper (level 5, -1/32 HPs)
             Began as a Gargoyle Gladiator on Jan 17, 2019.
             Slain by an orc warrior
             ... wielding a +0 flail
              (15 damage)
             ... on level 3 of the Dungeon.
             The game lasted 00:03:05 (1878 turns).

TheGoonsmith the Chopper (Gargoyle Gladiator)       Turns: 1878, Time: 00:03:06

Health: -1/32      AC: 17    Str: 19    XL:     5   Next: 5%
Magic:  5/5        EV: 10    Int:  8    God:
Gold:   125        SH:  4    Dex: 16    Spells: 4/4 levels left

rFire    . . .     SeeInvis .   a - +0 war axe
rCold    . . .     Gourm    .   o - +0 buckler
rNeg     + . .     Faith    .   m - +0 plate armour (curse)
rPois    ∞         Spirit   .   p - +2 helmet
rElec    +         Reflect  .   (no cloak)
rCorr    .         Harm     .   (no gloves)
MR       .....                  (no boots)
Stlth    ..........             (no amulet)
HPRegen  0.10/turn              (no ring)
MPRegen  0.09/turn              (no ring)

@: agile, slowed, very slow
A: negative energy resistance 1, electricity resistance, unbreathing,
petrification resistance, rot immunity, AC +4
a: no special abilities


You were on level 3 of the Dungeon.
You were not hungry.

You visited 1 branch of the dungeon, and saw 3 of its levels.

You collected 125 gold pieces.

Inventory:

Hand Weapons
 a - a +0 war axe (weapon)
 b - a +0 hunting sling
Missiles
 d - 3 throwing nets (quivered)
 l - 31 stones
 n - 43 arrows
Armour
 c - a +0 helmet
 k - a +0 leather armour
 m - a cursed +0 plate armour (worn)
 o - a +0 buckler (worn)
 p - a +2 helmet (worn)
Jewellery
 i - an uncursed ring of magical power {unknown}
Scrolls
 e - 4 scrolls of identify {unknown}
 g - a scroll of teleportation {unknown}
 h - 3 scrolls of amnesia {unknown}
 j - 2 scrolls of remove curse {unknown}
 r - a scroll of fear {unknown}
 t - a scroll of enchant armour {unknown}
Potions
 s - a potion of curing {unknown}
Comestibles
 f - 5 rations


   Skills:
 + Level 3.6 Fighting
 * Level 4.3 Axes
 - Level 1.7 Throwing
 - Level 2.4 Dodging
 + Level 0.4 Shields


You had 4 spell levels left.
You didn't know any spells.
Your spell library was empty.

Dungeon Overview and Level Annotations

Branches:
Dungeon (3/15)

Altars:


Innate Abilities, Weirdness & Mutations

You are resistant to torment.
Your stone body is resilient. (AC +4)
You are immune to poison.
You resist negative energy. (rN+)
You are resistant to electric shocks. (rElec)
You can survive without breathing.
You are immune to petrification.
You are immune to rotting.


Message History

You feel yourself slow down.
You slash the orc wizard!
The orc wizard is severely wounded.
The orc wizard hits you but does no damage.
You hit the orc warrior but do no damage.
The orc warrior hits you with a +0 flail!
The orc warrior hits you but does no damage.
The orc wizard casts a spell.
The orc wizard blinks!
It was a potion of agility.
You feel agile all of a sudden.
The orc warrior hits you with a +0 flail!
You slash the orc warrior!
The orc warrior is moderately wounded.
The orc warrior hits you but does no damage.
The orc wizard casts a spell.
The orc wizard flickers and vanishes!
Deactivating autopickup; reactivate with Ctrl-A.
The orc warrior hits you with a +0 flail!
You die...

#.##>.................
#.##.###.#########....
#.##[# #.# #....
#....# #.# #....
########.# #....
#....# #.... #.##.#
#.... #.#### #.... #@#
#.... #o# #.... #{#
##### #o#


oo! .[... ....... ##....... ###§.##.♣ You could see an orc warrior, an orc
wizard and 2 orcs.

Vanquished Creatures
  7 adders
  A worm (D:2)
  3 leopard geckos
  A ball python (D:2)
  3 giant cockroaches
  10 goblins
  8 hobgoblins
  3 kobolds
  A quokka (D:2)
  6 bats
  4 frilled lizards
  5 rats
52 creatures vanquished.

Notes
Turn   | Place    | Note
-------+----------+-------------------------------------------
     0 | D:1      | TheGoonsmith the Gargoyle Gladiator began the quest for the
                  | Orb.
     0 | D:1      | Reached XP level 1. HP: 12/12 MP: 1/1
     3 | D:1      | Noticed an electric eel
    48 | D:1      | Reached skill level 3 in Axes
   146 | D:1      | Reached XP level 2. HP: 17/18 MP: 2/2
   576 | D:1      | Reached XP level 3. HP: 21/22 MP: 3/3
  1032 | D:2      | Reached XP level 4. HP: 25/28 MP: 4/4
  1084 | D:2      | Reached skill level 4 in Axes
  1826 | D:3      | Reached XP level 5. HP: 32/32 MP: 5/5
  1868 | D:3      | Noticed an orc warrior
  1878 | D:3      | Slain by an orc warrior

Vault maps used:
D:1:      arrival_aquarium_a, chequers_garden, st_stairs_11
D:3:      wad_woods_stonehenge, first_ration

Skill      XL: |  1  2  3  4 |
---------------+-------------+-----
Axes           | 3 4 |  4.3
Fighting       | 3 |  3.6
Throwing       | |  1.7
Dodging        | |  2.4
Shields        | |  0.4

Action                   |  1- 3 |  4- 6 || total
-------------------------+-------+-------++-------
Melee: War axe           |    97 |    96 ||   193
  Use: Potion            |       |     1 ||     1
  Eat: Chunk             |     1 |       ||     1
       Ration            |       |     1 ||     1
Armor: Leather armour    |    31 |       ||    31
       Plate armour      |    39 |    88 ||   127
Dodge: Dodged            |    69 |    31 ||   100
Block: Buckler           |       |     4 ||     4

Table legend:
 A = Non-vault XP
 B = Vault XP
 C = Vault XP percentage of total XP
 D = Non-vault monster count
 E = Vault monster count
 F = Vault count percentage of total count
                 A         B        C        D         E       F
            +---------+---------+-------+---------+---------+-------
      Total |     167 |       7 |   4.0 |      49 |       3 |   5.8
            +---------+---------+-------+---------+---------+-------
        D:1 |      30 |       7 |  18.9 |      18 |       3 |  14.3
        D:2 |      93 |       0 |   0.0 |      25 |       0 |   0.0
        D:3 |      44 |       0 |   0.0 |       6 |       0 |   0.0
            +---------+---------+-------+---------+---------+-------
